 Dungeon Crawl Stone Soup version 0.31.0-9-g3a7656b989 (webtiles) character file.

Game seed: 4601821625871022827

232 qw the Shooter (level 5, -2/26 HPs)
             Began as a Spriggan Hunter on Feb 2, 2024.
             Slain by a gnoll
             ... wielding a +0 club
             ... led by a gnoll bouda
              (4 damage)
             ... on level 4 of the Dungeon.
             The game lasted 00:00:10 (2022 turns).

qw the Shooter (Spriggan Hunter)                    Turns: 2022, Time: 00:00:10

Health: -2/26      AC:  2    Str: 13    XL:     5   Next: 73%
Magic:  6/6        EV: 20    Int: 11    God:
Gold:   123        SH:  0    Dex: 20    Spells: 4/4 levels left

rFire   . . .        a - +0 shortbow
rCold   . . .        (shield currently unavailable)
rNeg    + . .        c - +0 robe
rPois   .            (helmet restricted)
rElec   .            (no cloak)
rCorr   .            (gloves unavailable)
SInv    +            (boots unavailable)
Will    .....        (no amulet)
Stlth   ++           j - +6 ring of strength
HPRegen 0.24/turn    h - ring of positive energy
MPRegen 0.10/turn

%: no passive effects
@: weakened, very quick
A: very small, no large weapons, unfitting armour, see invisible, speed 3
a: no special abilities


You were on level 4 of the Dungeon.
You visited 1 branch of the dungeon, and saw 4 of its levels.

You collected 123 gold pieces.


Innate Abilities, Weirdness & Mutations

You are very small and have problems with some larger weapons.
You are too small for most types of armour.
You have supernaturally acute eyesight. (SInv)
You cover ground extremely quickly. (Speed+++)


   Skills:
 - Level 2.0 Fighting
 - Level 6.0 Ranged Weapons
 + Level 5.1 Dodging
 - Level 1.5 Stealth


You had 4 spell levels left.
You didn't know any spells.
Your spell library was empty.

Inventory:

Hand Weapons
 a - a +0 shortbow (weapon)
Armour
 c - a +0 robe (worn)
Jewellery
 h - a ring of positive energy (right hand)
 j - a +6 ring of strength (left hand)
Wands
 i - a wand of iceblast (9)
Scrolls
 d - a scroll of identify
 e - a scroll of enchant armour
 k - a scroll of brand weapon {unknown}
Potions
 b - a potion of mutation
 f - a potion of haste

Dungeon Overview and Level Annotations

Branches:
Dungeon (4/15)
 Temple: D:4-7

Altars:
Cheibriados
Xom


Message History

2015 ||| DRINKING potion of heal wounds.
You feel much better.
The gnoll bouda calls upon its god to heal the gnoll.
The gnoll's wounds heal themselves!
The gnoll barely misses you. The gnoll closely misses you.
The gnoll misses you.
You shoot an arrow. The arrow hits the gnoll bouda.
The gnoll bouda is severely wounded.
The gnoll bouda barely misses you. The gnoll misses you. x3
You shoot an arrow. The arrow hits the gnoll bouda.
The gnoll bouda is severely wounded.
The gnoll bouda misses you. The gnoll hits you with a +0 flail.
The gnoll misses you. The gnoll hits you with a +0 club.
You shoot an arrow.
The arrow closely misses the gnoll bouda.
The gnoll is no longer moving quickly.
The gnoll bouda barks out a call to the hunt!
The gnoll picks up the pace!
The gnoll closely misses you. The gnoll misses you. x2
You shoot an arrow.
The arrow completely misses the gnoll bouda.
The gnoll bouda hits you with a +0 club!
The gnoll barely misses you. The gnoll completely misses you. x2
The gnoll bouda completely misses you.
You shoot an arrow.
The arrow hits the gnoll bouda but does no damage.
The gnoll bouda is severely wounded.
The gnoll misses you. The gnoll closely misses you.
The gnoll hits you with a +0 club.
The gnoll bouda gazes fiercely through you!
You feel your attacks grow feeble. The gnoll bouda misses you.
The gnoll closely misses you.
You shoot an arrow. The arrow hits the gnoll bouda.
The gnoll bouda is almost dead.
The gnoll is no longer moving quickly. x2; The gnoll misses you.
The gnoll barely misses you. The gnoll bouda misses you.
The gnoll closely misses you.
You shoot an arrow. The arrow hits the gnoll bouda!
You kill the gnoll bouda!
The gnoll hits you with a +0 club.
You die...

........#.........#....
........#....######....
........#.......###....
..<..##..#.#..##..#####.
..#.. #..#.........#.##.
....###....####.#.......
..)...#)..............
#.g#..............##
.#.#.)@............#.#
......gg............#.#
.#..#.#.............+.#
..............>.....###
# ..###...............
#... .....#...........
#.. #....#....%..... #.
#....#...... .....+ ....


You could see 3 gnolls.

Vanquished Creatures
  An orc priest (D:3)
  A hound (D:3)
  2 jellies (D:4)
  A gnoll bouda (D:4)
  A gnoll (D:4)
  3 adders (D:3)
  2 dart slugs (D:2)
  2 ribbon worms
  6 orcs (D:3)
  4 endoplasms
  2 giant cockroaches
  4 goblins
  5 hobgoblins
  7 jackals (D:1)
  3 quokkas
  7 ball pythons
  6 bats
  4 frilled lizards
  4 kobolds
  5 rats
70 creatures vanquished.

Notes
Turn   | Place    | Note
-------+----------+-------------------------------------------
     0 | D:1      | qw the Spriggan Hunter began the quest for the Orb.
     0 | D:1      | Reached XP level 1. HP: 10/10 MP: 2/2
     0 | D:1      | 0 ||| qw: Version: 0.3-a-155-g5e7d8dd
     0 | D:1      | 0 ||| qw: Game counter: 2052
     0 | D:1      | 0 ||| qw: Melee chars always use a shield: true
     0 | D:1      | 0 ||| qw: God list: Okawaru
     0 | D:1      | 0 ||| qw: Allow faded altars: false
     0 | D:1      | 0 ||| qw: Do Orc after clearing Dungeon:15 true
     0 | D:1      | 0 ||| qw: Do second Lair branch before Depths: true
     0 | D:1      | 0 ||| qw: Lair rune preference: random
     0 | D:1      | 0 ||| qw: Goals: Normal
     0 | D:1      | 0 ||| PLANNING D:1-11
    44 | D:1      | Reached skill level 3 in Dodging
    88 | D:1      | Reached XP level 2. HP: 14/14 MP: 3/3
   495 | D:1      | 495 ||| UPGRADING to +6 ring of strength.
   496 | D:1      | 496 ||| READING scroll labelled BYEFAV XUWN.
   496 | D:1      | 496 ||| ENCHANTING +0 shortbow.
   497 | D:1      | 497 ||| READING 2 scrolls labelled ILIFUT ULAUD.
   497 | D:1      | 497 ||| IDENTIFYING red potion
   498 | D:1      | 498 ||| READING scroll of identify.
   498 | D:1      | 498 ||| IDENTIFYING bubbling inky potion
   499 | D:1      | 499 ||| READING 2 scrolls labelled OXUEL KIETY.
   500 | D:1      | 500 ||| READING scroll labelled BACZAYVYPA.
   526 | D:1      | 526 ||| DRINKING 2 clear potions.
   527 | D:1      | 527 ||| DROPPING scroll of butterflies.
   528 | D:1      | 528 ||| DROPPING potion of ambrosia.
   529 | D:1      | 529 ||| DROPPING scroll of revelation.
   564 | D:2      | Reached XP level 3. HP: 18/18 MP: 4/4
  1257 | D:2      | 1257 ||| READING scroll of identify.
  1257 | D:2      | 1257 ||| IDENTIFYING viscous purple potion
  1258 | D:2      | 1258 ||| READING scroll labelled COIXTA FINN.
  1259 | D:2      | 1259 ||| READING scroll labelled MUIMIU QEMPA.
  1260 | D:2      | 1260 ||| READING scroll labelled JUCLISE GIANN.
  1261 | D:2      | 1261 ||| DRINKING 3 green potions.
  1262 | D:2      | 1262 ||| DROPPING potion of lignification.
  1263 | D:2      | 1263 ||| DROPPING 2 potions of brilliance.
  1342 | D:3      | Reached skill level 5 in Ranged Weapons
  1365 | D:3      | 1365 ||| FLEEEEING.
  1366 | D:3      | 1366 ||| FLEEEEING.
  1369 | D:3      | 1369 ||| FLEEEEING.
  1370 | D:3      | 1370 ||| FLEEEEING.
  1374 | D:3      | 1374 ||| FLEEEEING.
  1375 | D:3      | 1375 ||| FLEEEEING.
  1379 | D:3      | 1379 ||| FLEEEEING.
  1380 | D:3      | 1380 ||| FLEEEEING.
  1381 | D:3      | 1381 ||| FLEEEEING.
  1382 | D:3      | 1382 ||| FLEEEEING.
  1383 | D:3      | 1383 ||| STAIRDANCE
  1424 | D:3      | Found a snail-covered altar of Cheibriados.
  1428 | D:3      | Reached XP level 4. HP: 22/22 MP: 5/5
  1569 | D:3      | 1569 ||| READING 3 scrolls of identify.
  1569 | D:3      | 1569 ||| IDENTIFYING amethyst potion
  1570 | D:3      | 1570 ||| DROPPING potion of degeneration.
  1850 | D:3      | Reached XP level 5. HP: 26/26 MP: 6/6
  1919 | D:3      | 1919 ||| UPGRADING to ring of positive energy.
  1920 | D:3      | 1920 ||| READING 3 scrolls of identify.
  1920 | D:3      | 1920 ||| IDENTIFYING glowing red potion
  1921 | D:3      | 1921 ||| READING 2 scrolls of identify.
  1921 | D:3      | 1921 ||| IDENTIFYING scroll labelled NAETUSAULL
  1922 | D:3      | 1922 ||| DROPPING scroll of blinking.
  1962 | D:4      | Found a shimmering altar of Xom.
  2006 | D:4      | Reached skill level 6 in Ranged Weapons
  2014 | D:4      | HP: 6/26 [gnoll bouda/+0 club (10)]
  2015 | D:4      | 2015 ||| DRINKING potion of heal wounds.
  2019 | D:4      | HP: 5/26 [gnoll bouda/+0 club (11)]
  2020 | D:4      | HP: 1/26 [gnoll/+0 club[a gnoll bouda] (4)]
  2022 | D:4      | Slain by a gnoll

Levels and vault maps discovered:
D:1:      minmay_arrival_four_loops, layout_rooms,
          nicolae_kite_square_tiling_tiny
D:2:      layout_loops_ring, st_stairs_3, minmay_quadrilaterals
D:3:      layout_basic, old_standard_altar,
          nicolae_concentric_dashed_squares_wild, st_stairs_7
D:4:      layout_basic, dk_xom_monty_hall

Skill      XL: |  1  2  3  4  5 |
---------------+----------------+-----
Dodging        | 3 4 5 |  5.1
Ranged Weapons | 5 6 |  6.0
Fighting       | 2 |  2.0
Stealth        | |  1.5

Action                     |  1- 3 |  4- 6 || total
---------------------------+-------+-------++-------
   Fire: Shortbow          |   130 |    77 ||   207
    Use: Scroll            |     9 |     3 ||    12
         Potion            |     2 |     1 ||     3
 Armour: Robe              |    21 |    11 ||    32
  Dodge: Dodged            |    57 |    46 ||   103

Table legend:
 A = Non-vault XP
 B = Vault XP
 C = Vault XP percentage of total XP
 D = Non-vault monster count
 E = Vault monster count
 F = Vault count percentage of total count
                 A         B        C        D         E       F
            +---------+---------+-------+---------+---------+-------
      Total |     286 |      85 |  22.9 |      64 |       6 |   8.6
            +---------+---------+-------+---------+---------+-------
        D:1 |      32 |       0 |   0.0 |      19 |       0 |   0.0
        D:2 |      38 |       3 |   7.3 |      20 |       3 |  13.0
        D:3 |     162 |       2 |   1.2 |      22 |       1 |   4.3
        D:4 |      54 |      80 |  59.7 |       3 |       2 |  40.0
            +---------+---------+-------+---------+---------+-------
